 Dungeon Crawl Stone Soup version 0.21-a0-509-gecc5317 (webtiles) character file.

516 zero the Sneak (level 7, -2/32 HPs)
             Began as a Spriggan Earth Elementalist on Nov 30, 2017.
             Slain by Pikel
             ... wielding a +2 whip of flaming
              (3 damage)
             ... on level 5 of the Dungeon.
             The game lasted 00:11:12 (5462 turns).

zero the Sneak (Spriggan Earth Elementalist)        Turns: 5462, Time: 00:11:13

Health: -2/32      AC:  6    Str:  4    XL:     7   Next: 0%
Magic:  11/15      EV: 18    Int: 19    God:
Gold:   167        SH:  4    Dex: 16    Spells: 4/16 levels left

rFire    . . .     SeeInvis +   B - staff of earth
rCold    . . .     Gourm    .   (shield currently unavailable)
rNeg     . . .     Faith    .   c - +1 robe
rPois    .         Spirit   .   (helmet restricted)
rElec    .         Reflect  +   t - +2 cloak
rCorr    .         Harm     .   (gloves unavailable)
MR       +....                  (boots unavailable)
Stlth    +++.......             g - +4 amulet of reflection
HPRegen  0.10/turn              i - ring of flight
MPRegen  0.14/turn              (no ring)

@: very quick
A: very small, unfitting armour, see invisible, herbivore 3, speed 3, slow
metabolism 2
a: Evoke Flight


You were on level 5 of the Dungeon.
You were not hungry.

You visited 1 branch of the dungeon, and saw 5 of its levels.

You collected 167 gold pieces.

Inventory:

Hand Weapons
 n - a +1 dagger
Missiles
 b - 85 stones (quivered)
Armour
 c - a +1 robe (worn)
 t - a +2 cloak (worn)
Magical Staves
 B - an uncursed staff of earth (weapon)
Jewellery
 g - a +4 amulet of reflection (around neck)
 i - a ring of flight (left hand)
Wands
 y - a wand of flame (20)
Scrolls
 a - 2 scrolls of teleportation
 j - a scroll of magic mapping
 s - 7 scrolls of remove curse
 v - 3 scrolls of amnesia
 x - a scroll of identify
 z - a scroll of enchant armour
Potions
 f - 3 potions of might
 h - a potion of cancellation
 k - 2 potions of flight
 l - a potion of lignification {unknown}
 m - a potion of heal wounds {unknown}
 o - 3 potions of brilliance
 p - 2 potions of resistance
 q - a potion of curing {unknown}
 u - a potion of haste {unknown}
 w - a potion of degeneration {unknown}
Books
 e - a book of Geomancy

   Spells                             Type                      Level
   a - Sandblast                      Earth                        1
   b - Passwall                       Transmutation/Earth          2
   c - Stone Arrow                    Conjuration/Earth            3
   d - Petrify                        Transmutation/Earth          4
   e - Lee's Rapid Deconstruction     Earth                        5
 A - a book of Necromancy

   Spells                             Type                      Level
   a - Pain                           Necromancy                   1
   b - Animate Skeleton               Necromancy                   1
   c - Vampiric Draining              Necromancy                   3
   d - Regeneration                   Charms/Necromancy            3
   e - Animate Dead                   Necromancy                   4
   f - Control Undead                 Necromancy                   4
Comestibles
 d - 4 bread rations
 r - a royal jelly


   Skills:
 - Level 3.0 Dodging
 - Level 6.2 Stealth
 * Level 5.1 Spellcasting
 + Level 2.2 Conjurations
   Level 1.3 Transmutations
 + Level 4.5 Earth Magic


You had 4 spell levels left.
You knew the following spells:

 Your Spells              Type           Power        Failure   Level  Hunger
a - Sandblast             Erth           ####..       1%          1    None
b - Stone Arrow           Conj/Erth      ####..       9%          3    ##.....
c - Lee's Rapid Deconstr  Erth           ####......   45%         5    ######.
d - Regeneration          Chrm/Necr      #.........   36%         3    ##.....


Dungeon Overview and Level Annotations

Branches:
Dungeon (5/15)
 Temple: D:4-7

Altars:
Ashenzari
Ru
Uskayaw
Wu Jian

Annotations:
D:5 Pikel


Innate Abilities, Weirdness & Mutations

You are very small and have problems with some larger weapons.
You are too small for most types of armour.
You have supernaturally acute eyesight. (SInv)
You are a herbivore.
You cover ground extremely quickly.
You need consume almost no food.


Message History

You feel a surge of power!
The blast of sand misses Pikel.
b - 86 stones The orc wizard gestures at you while chanting.
The magic dart hits you! Pikel hits you with a whip of flaming!
* * * LOW HITPOINT WARNING * * *
Pikel burns you.
* * * LOW HITPOINT WARNING * * *
Casting: Sandblast
Confirm with . or Enter, or press ? or * to list all spells.
Aiming: Sandblast
Press: ? - help, Shift-Dir - straight line, f/p - Pikel
Aim: Pikel, wielding a whip of flaming and wearing a robe (heavily wounded)
You feel a surge of power!
The blast of sand hits Pikel.
Pikel is heavily wounded.
b - 85 stones Pikel says, "Slavery isn't that bad."
Pikel hits you with a whip of flaming.
* * * LOW HITPOINT WARNING * * *
Pikel burns you.
You die...

# ##.#...#.##...#.#....#.......
## #...###..##...##....####....
.# ##.....#.###...#..#..# ###..
.####..#..#...#.........## ###.
.#....##.#.............## .$##.
.....##.###.............###.l. ##
.............##...o...o...#$W #
........#....##.o.........#######
......###...#...@K..o..........##
......##..#.#......>.............
#†.....#.........................
#....#..........p................
................pp...............
........#.........###............
...##...#........!# ##.....#.....
...# .####........p..............
...# .. #..................#....


You could see Pikel, 4 slaves, 3 orc wizards and an orc.

Vanquished Creatures
  The ghost of Nattefrost the Slasher, an amateur DsGl of Ashenzari (D:4)
  An orc warrior (D:5)
  An ogre (D:4)
  A hound (D:4)
  2 worker ants (D:4)
  3 adders
  An ooze (D:3)
  4 worms
  6 dart slugs
  A leopard gecko (D:2)
  9 orcs
  A ball python (D:1)
  8 bats
  2 giant cockroaches
  4 goblins
  12 hobgoblins
  2 jackals (D:3)
  3 quokkas
  9 frilled lizards
  A jackal skeleton (D:4)
  7 kobolds
  5 rats
84 creatures vanquished.

Notes
Turn   | Place    | Note
-------+----------+-------------------------------------------
     0 | D:1      | zero the Spriggan Earth Elementalist began the quest for the Orb.
     0 | D:1      | Reached XP level 1. HP: 9/9 MP: 5/5
   342 | D:1      | Reached XP level 2. HP: 9/13 MP: 3/6
   562 | D:1      | Reached skill level 4 in Stealth
   966 | D:1      | Reached XP level 3. HP: 10/16 MP: 5/8
  1530 | D:1      | Learned a level 3 spell: Stone Arrow
  1949 | D:2      | Reached skill level 5 in Stealth
  1979 | D:2      | Reached XP level 4. HP: 21/21 MP: 6/9
  2734 | D:3      | Reached skill level 1 in Conjurations
  3364 | D:4      | Reached XP level 5. HP: 24/24 MP: 8/10
  3372 | D:4      | Learned a level 5 spell: Lee's Rapid Deconstruction
  3638 | D:4      | Found a hide-covered altar of Uskayaw.
  3768 | D:4      | Noticed Nattefrost's ghost (amateur DsGl)
  3832 | D:4      | Noticed an ogre
  3843 | D:4      | Killed an ogre
  3843 | D:4      | Reached skill level 6 in Stealth
  4085 | D:4      | Found an ornate altar of the Wu Jian Council.
  4394 | D:4      | Reached XP level 6. HP: 24/28 MP: 3/12
  4468 | D:4      | Found a shattered altar of Ashenzari.
  4468 | D:4      | Found a sacrificial altar of Ru.
  4696 | D:5      | Entered Level 5 of the Dungeon
  4813 | D:5      | Noticed a slave
  4813 | D:5      | Noticed a slave
  4815 | D:5      | Noticed Pikel
  4867 | D:4      | Learned a level 3 spell: Regeneration
  4908 | D:4      | Killed Nattefrost's ghost
  5261 | D:5      | Noticed an orc warrior
  5283 | D:5      | Killed an orc warrior
  5283 | D:5      | Reached skill level 5 in Spellcasting
  5286 | D:5      | Reached XP level 7. HP: 31/32 MP: 4/15
  5462 | D:5      | HP: 1/32 [Pikel/whip of flaming (6)]
  5462 | D:5      | Slain by Pikel

Vault maps used:
D:1:      dpeg_arrival_snail, hangedman_decor_riveting, minmay_unequal
D:2:      first_bread, amethyst_killhole, kennysheep_generic_room_15
D:3:      corexii_shack_village, minivault_25
D:4:      nicolae_overflow_hidden_temple
D:5:      minmay_temple_entry_hall, basic_altar, lightli_corner_chamber,
          uniq_pikel

Skill      XL: |  1  2  3  4  5  6 |
---------------+-------------------+-----
Earth Magic    | 3 4 |  4.5
Stealth        | 4 5 6 |  6.2
Conjurations   | 1 2 |  2.2
Spellcasting   | 3 5 |  5.1
Dodging        | |  3.0
Transmutations | |  1.3

Action                   |  1- 3 |  4- 6 |  7- 9 || total
-------------------------+-------+-------+-------++-------
Melee: Spear             |    78 |       |       ||    78
       Dagger            |    10 |    31 |       ||    41
 Cast: Sandblast         |    40 |    83 |     6 ||   129
       Stone Arrow       |       |     3 |       ||     3
  Use: Scroll            |     4 |     9 |       ||    13
 Stab: Sleeping          |    12 |    15 |       ||    27
       Distracted        |       |     1 |       ||     1
  Eat: Royal jelly       |       |     1 |       ||     1
Armor: Robe              |    13 |     9 |     1 ||    23
Dodge: Dodged            |    73 |    39 |       ||   112
Block: Other             |       |     6 |     1 ||     7

Table legend:
 A = Spawn XP
 B = Non-spawn XP
 C = Spawn XP percentage of total XP
 D = Spawn monster count
 E = Non-spawn monster count
 F = Spawn count percentage of total count
 G = Total turns spent on level
                    A         B        C        D         E        F      G
               +---------+---------+-------+---------+---------+-------+---------
         Total |       0 |     738 |   0.0 |       0 |      84 |   0.0 |  5462
               +---------+---------+-------+---------+---------+-------+---------
           D:1 |       0 |      50 |   0.0 |       0 |      29 |   0.0 |  1548
           D:2 |       0 |      62 |   0.0 |       0 |      19 |   0.0 |   788
           D:3 |       0 |      46 |   0.0 |       0 |      16 |   0.0 |  1055
           D:4 |       0 |     430 |   0.0 |       0 |      13 |   0.0 |  1595
           D:5 |       0 |     150 |   0.0 |       0 |       7 |   0.0 |   476
               +---------+---------+-------+---------+---------+-------+---------
